 Dungeon Crawl Stone Soup version 0.28.0-43-g3370ac3207 (webtiles) character file.

Game seed: 12351670018287815566

116 gzilladon the Chopper (level 5, -3/47 HPs)
             Began as a Hill Orc Monk on Mar 30, 2022.
             Slain by a gnoll
             ... wielding a +0 spear
              (6 damage)
             ... on level 4 of the Dungeon.
             The game lasted 00:10:16 (3188 turns).

gzilladon the Chopper (Hill Orc Monk)               Turns: 3188, Time: 00:10:17

Health: -3/47      AC: 11    Str: 16    XL:     5   Next: 0%
Magic:  5/5        EV:  5    Int: 10    God:
Gold:   144        SH:  0    Dex: 13    Spells: 1/4 levels left

rFire   . . .      SeeInvis .   a - +0 hand axe
rCold   + . .      Faith    .   (no shield)
rNeg    . . .      Spirit   .   z - +0 plate armour
rPois   +          Reflect  .   v - +0 helmet
rElec   .          Harm     .   p - scarf {repulsion}
rCorr   .          Rampage  .   (no gloves)
Will    .....                   (no boots)
Stlth   ..........              (no amulet)
HPRegen 0.15/turn               c - ring of poison resistance
MPRegen 0.09/turn               o - ring of protection from cold

@: mighty, repel missiles
A: no striking features
a: no special abilities


You were on level 4 of the Dungeon.
You visited 1 branch of the dungeon, and saw 4 of its levels.

You collected 193 gold pieces.
You spent 49 gold pieces at shops.

Inventory:

Hand Weapons
 a - a +0 hand axe (weapon)
Missiles
 h - 27 arrows
 i - 38 stones (quivered)
 y - 6 poisoned darts
 A - 16 bolts
Armour
 b - a +0 robe
 e - a +0 leather armour
 p - a scarf of repulsion (worn)
 t - the +1 leather armour "Eblej" {Int+7 Dex+4 SInv Stlth-}
   (You found it on level 2 of the Dungeon)

   Int:       It affects your intelligence (+7).
   Dex:       It affects your dexterity (+4).
   SInv:      It lets you see invisible.
   Stlth:     It makes you less stealthy.
 v - a +0 helmet (worn)
 x - a +0 scale mail
 z - a +0 plate armour (worn)
Jewellery
 c - a ring of poison resistance (left hand)
 o - a ring of protection from cold (right hand)
Scrolls
 j - a scroll of holy word {unknown}
 l - 4 scrolls of identify {unknown}
 q - a scroll of fog {unknown}
 r - a scroll of amnesia {unknown}
 s - a scroll of silence {unknown}
 u - a scroll of fear {unknown}
Potions
 d - a potion of attraction {unknown}
 f - a potion of lignification {unknown}
 g - a potion of mutation {unknown}
 k - a potion of haste {unknown}
 n - a potion of ambrosia {unknown}
 w - a potion of brilliance {unknown}


   Skills:
 + Level 4.5 Fighting
 + Level 6.0 Axes
 + Level 1.9 Armour
 - Level 2.4 Dodging
 - Level 1.5 Stealth


You had one spell level left.
You knew the following spells:

 Your Spells              Type           Power      Damage    Failure   Level
a - Summon Guardian Gole  Hex/Summ       0%         N/A       100%        3

Your spell library contained the following spells:

 Spells                   Type           Power      Damage    Failure   Level
 Summon Small Mammal      Summ           0%         N/A       100%        1
 Call Canine Familiar     Summ           0%         N/A       100%        3


Dungeon Overview and Level Annotations

Branches:
Dungeon (4/15)
 Temple: D:4-7

Altars:
Sif Muna
Uskayaw
Xom
Yredelemnul

Shops:
D:3 *

Annotations:
D:3 2 runed translucent doors


Message History

The gnoll hits you from afar with a +0 spear!
You hit the gnoll shaman.
The gnoll shaman is moderately wounded.
You barely miss the gnoll. The gnoll hits you but does no damage.
The gnoll shaman hits you but does no damage.
The gnoll hits you but does no damage.
You feel very mighty all of a sudden. The gnoll hits you but does no damage.
The gnoll shaman hits you with a +0 whip.
The gnoll hits you but does no damage.
You slash the gnoll shaman!
The gnoll shaman is almost dead.
You slash the gnoll!
You kill the gnoll!
The gnoll hits you but does no damage.
The gnoll throws a throwing net.
The throwing net barely misses you.
You slash the gnoll shaman!
You kill the gnoll shaman!
The gnoll throws a throwing net.
The throwing net hits you.
You become entangled in the net!
Your Axes skill increases to level 6!
You have reached level 5!
You feel stronger.
You struggle against the net.
The gnoll hits you with a +0 club.
The gnoll hits you from afar with a +0 spear.
* * * LOW HITPOINT WARNING * * *
You struggle against the net.
The gnoll hits you with a +0 club.
* * * LOW HITPOINT WARNING * * *
The gnoll hits you but does no damage.
You shred the net and break free! The gnoll hits you but does no damage.
The gnoll hits you from afar with a +0 spear!
* * * LOW HITPOINT WARNING * * *
You slash the gnoll!
The gnoll is severely wounded.
The gnoll hits you but does no damage. x2
You slash the gnoll!
You kill the gnoll!
You hear the rusting of a very distant drain.
The gnoll hits you from afar with a +0 spear.
You die...

#.#...# # #.#...#.#
#.#. #.<.....# #...
####.#### #..#### #
#..))..# #..... .#
##.##.#.#### .l..#..
......#....#####g#g.
##.#.............)#
.....##.....## #@)#
#............###..###.#
#..............#......#
..##.#.##.#..#.##.#####
..........#.......#
####..####...######
......#≈≈≈≈≈≈≈≈#
###...####...### # ..
##.##.#


You could see an iguana and 2 gnolls.

Vanquished Creatures
  A gnoll shaman (D:4)
  2 gnolls (D:4)
  An adder (D:4)
  A worm (D:2)
  2 dart slugs
  7 orcs (D:3)
  8 ball pythons
  6 endoplasms
  2 giant cockroaches (D:3)
  8 goblins
  6 hobgoblins
  7 kobolds
  2 bats (D:2)
  2 frilled lizards (D:2)
  4 rats
59 creatures vanquished.

Notes
Turn   | Place    | Note
-------+----------+-------------------------------------------
     0 | D:1      | gzilladon the Hill Orc Monk began the quest for the Orb.
     0 | D:1      | Reached XP level 1. HP: 19/19 MP: 1/1
   412 | D:1      | Reached XP level 2. HP: 17/27 MP: 2/2
  1164 | D:2      | Reached XP level 3. HP: 25/33 MP: 3/3
  1247 | D:2      | Reached skill level 5 in Axes
  1382 | D:2      | Identified the +1 leather armour "Eblej" {Int+7 Dex+4 SInv
                  | Stlth-}
  1881 | D:3      | Found a basalt altar of Yredelemnul.
  1889 | D:3      | Found a hide-covered altar of Uskayaw.
  1895 | D:3      | Found a shimmering blue altar of Sif Muna.
  1924 | D:3      | Found a large runed translucent door.
  1924 | D:3      | Found a large runed translucent door.
  2032 | D:3      | Found a shimmering altar of Xom.
  2077 | D:3      | Found Xaywnoikk's General Store.
  2085 | D:3      | Bought a +0 helmet for 49 gold pieces
  2145 | D:3      | Reached skill level 1 in Armour
  2150 | D:3      | Reached XP level 4. HP: 23/41 MP: 4/4
  2206 | D:3      | Identified the +5 long sword of Expedience {freeze, rElec
                  | rPois Will+ Str+2}
  2698 | D:3      | Learned a level 3 spell: Summon Guardian Golem
  3184 | D:4      | Reached skill level 6 in Axes
  3184 | D:4      | Reached XP level 5. HP: 16/47 MP: 5/5
  3188 | D:4      | Slain by a gnoll

Illustrated notes

Levels and vault maps discovered:
D:1:      scummos_arrival_simple_fountains, layout_rooms,
          corexii_leaking_fountain, nrook_uturn
D:2:      layout_rooms
D:3:      due_chaos_kobolds, layout_basic, minmay_overflow_temple_star_quad,
          serial_shops, nicolae_shop_crystal
D:4:      layout_loops_cross, lightli_sewer_entry_pipes,
          chequers_serial_rivers_micro_a, st_stairs_2

Skill      XL: |  1  2  3  4 |
---------------+-------------+-----
Fighting       | 4 |  4.5
Axes           | 5 6 |  6.0
Armour         | 1 |  1.9
Dodging        | |  2.4
Stealth        | |  1.5

Action                   |  1- 3 |  4- 6 || total
-------------------------+-------+-------++-------
Melee: Hand axe          |   128 |    47 ||   175
       Punch             |     1 |       ||     1
  Use: Potion            |       |     1 ||     1
Armor: Leather armour    |    27 |    10 ||    37
       Robe              |     1 |       ||     1
       Plate armour      |       |    12 ||    12
Dodge: Dodged            |    87 |    28 ||   115
       Repelled          |     1 |       ||     1
